 Seeded DCSS version 0.29-a0-1043-g569b05d6ff (webtiles) character file.

Game seed: 20220816 (custom seed)

2664 purpskrrrp the Tainter (level 9, 0/67 (68) HPs)
             Began as a Naga Venom Mage on Aug 16, 2022.
             Slain by a wight
             ... wielding a +0 battleaxe of flaming
              (6 damage)
             ... on level 6 of the Dungeon.
             The game lasted 00:50:52 (8981 turns).

purpskrrrp the Tainter (Naga Venom Mage)            Turns: 8981, Time: 00:50:53

HP:   0/67 (68)     AC:  8    Str: 11    XL:     9   Next: 63%
MP:   23/25         EV: 11    Int: 19    God:
Gold: 99            SH:  0    Dex: 12    Spells: 10/18 levels left

rFire   . . .      SeeInvis +   v - +5 quarterstaff (protect)
rCold   . . .      Faith    .   (shield currently unavailable)
rNeg    + . .      Spirit   .   a - +1 robe
rPois   +          Reflect  .   (no helmet)
rElec   .          Harm     .   l - +2 cloak {Will+}
rCorr   .          Rampage  .   (no gloves)
Will    ++...                   (no barding)
Stlth   +++.......              (no amulet)
HPRegen 0.21/turn               p - ring of positive energy
MPRegen 0.19/turn               C - ring of magical power

@: lightly drained, very slow
A: AC +3, large, see invisible, deformed body, poison resistance, slowness 2,
spit poison 1, naga tail 1
a: Spit Poison


You were on level 6 of the Dungeon.
You visited 1 branch of the dungeon, and saw 6 of its levels.

You collected 319 gold pieces.
You spent 220 gold pieces at shops.

Inventory:

Hand Weapons
 v - a +5 quarterstaff of protection (weapon)
 A - a +5 flail of draining
Missiles
 j - 13 poisoned darts
 t - a throwing net
Armour
 a - a +1 robe (worn)
 l - a +2 cloak of willpower (worn)
 B - a +3 ring mail of cold resistance
Magical Staves
 g - a staff of poison
Jewellery
 p - a ring of positive energy (left hand)
 r - a ring of protection from cold
 C - a ring of magical power (right hand)
 D - a ring of fire
Wands
 s - a wand of flame (8)
Scrolls
 c - a scroll of brand weapon
 e - 5 scrolls of identify
 f - 4 scrolls of teleportation
 q - 2 scrolls of noise {unknown}
 w - 2 scrolls of immolation {unknown}
 x - a scroll of amnesia {unknown}
 y - a scroll of enchant weapon
 z - 4 scrolls of butterflies
Potions
 b - a potion of magic
 d - 4 potions of curing
 h - a potion of attraction {unknown}
 i - 2 potions of might
 k - a potion of degeneration {unknown}
 m - a potion of heal wounds
 n - 2 potions of flight
 o - a potion of berserk rage {unknown}
 u - a potion of lignification {unknown}


   Skills:
 + Level 4.8 Staves
 + Level 4.0 Dodging
 - Level 5.3 Stealth
 + Level 5.1 Spellcasting
 - Level 1.0 Transmutations
 * Level 10.6 Poison Magic
 + Level 5.0 Evocations


You had 10 spell levels left.
You knew the following spells:

 Your Spells              Type           Power      Damage    Failure   Level
a - Sting                 Tmut/Pois      100%       1d8       1%          1
b - Olgreb's Toxic Radia  Pois           45%        N/A       1%          4
c - Mephitic Cloud        Conj/Pois/Air  18%        N/A       9%          3

Your spell library contained the following spells:

 Spells                   Type           Power      Damage    Failure   Level
 Poisonous Vapours        Pois/Air       50%        N/A       1%          2
 Ignite Poison            Fire/Tmut/Pois 19%        N/A       8%          3
 Apportation              Tloc           8%         N/A       12%         1
 Necrotise                Necr           16%        1d4       12%         1
 Slow                     Hex            16%        N/A       12%         1
 Summon Small Mammal      Summ           16%        N/A       12%         1
 Confusing Touch          Hex            4%         N/A       36%         3
 Ozocubu's Armour         Ice            4%         N/A       36%         3
 Vampiric Draining        Necr           4%         2d6       36%         3
 Fireball                 Conj/Fire      2%         3d4       98%         5
 Freezing Cloud           Conj/Ice/Air   2%         6-21      98%         5
 Starburst                Conj/Fire      2%         6d3       100%        6
 Ozocubu's Refrigeration  Ice            2%         4d7       100%        7
 Ignition                 Fire           2%         3d3       100%        8


Dungeon Overview and Level Annotations

Branches:
Dungeon (6/15)
 Temple: D:4-7

Altars:

Shops:
D:5 =[?=[


Innate Abilities, Weirdness & Mutations

Your serpentine skin is tough. (AC +3)
You have supernaturally acute eyesight. (SInv)
Armour fits poorly on your strangely shaped body.
Your system is resistant to poisons. (rPois)
You cover ground very slowly.
You can spit poison.
You have a snake-like lower body.


Message History

The wight burns you.
You hit the wight.
The wight is moderately damaged.
The wight barely misses you.
You hit the wight but do no damage.
The wight is moderately damaged.
The wight hits you with a +0 battleaxe of flaming.
The wight burns you.
You barely miss the wight.
The wight is moderately damaged.
The wight closely misses you.
You hit the wight.
The wight is moderately damaged.
The wight hits you but does no damage.
You closely miss the wight.
The wight is moderately damaged.
The wight hits you with a +0 battleaxe of flaming!
You partially resist.
You feel drained. The wight burns you.
You closely miss the wight.
The wight is moderately damaged.
A wight comes into view.
It is wielding a +4 trident of freezing.
The wight hits you with a +0 battleaxe of flaming!
* * * LOW HITPOINT WARNING * * *
The wight burns you.
* * * LOW HITPOINT WARNING * * *
Okay, then.
Okay, then.
Okay, then.
Your +5 quarterstaff of protection hums with potential!
v - a +5 quarterstaff of protection (weapon)
Hit: v) +5 quarterstaff (protect)
Press: ? - help, Dir - move target, f/p - wight
Aim: a wight, wielding a +0 battleaxe of flaming and wearing a +0 robe (moderately damaged, about 34% to evade your +5 quarterstaff of protection)
Okay, then.
You closely miss the wight.
The wight is moderately damaged.
The wight hits you with a +0 battleaxe of flaming!
* * * LOW HITPOINT WARNING * * *
The wight burns you.
You die...

######## ##......#
##..####.#
#...####.#########
###.#.##..........#####
##.##.#.##..#.##........
#.#.##.#.##........#
.#.#.##.#.##.###@###
#.#.#.##.#.### #z#
.###.#.##.#.## z.#
##.##.#.##.#.##...
#.#.##.#.##.#.##..
.#.#.##.#.##.#†##..
#...#.##.#.##.#.##.
.##..).##.#.##.#.##.
#.##.#.).#.##.#.##


You could see 2 wights.

Vanquished Creatures
  Pikel (D:5)
  Grinder (D:5)
  Sigmund (D:2)
  Menkaure (D:5)
  Edmund (D:5)
  A water moccasin (D:5)
  A sky beast (D:6)
  An ice beast (D:5)
  An orc warrior (D:6)
  A black bear (D:5)
  An ogre (D:4)
  3 lemures (D:5)
  Blork the orc (D:4)
  2 kobold brigands
  A necrophage (D:6)
  2 scorpions (D:4)
  2 jellies
  Crazy Yiuf (D:2)
  An orc priest (D:4)
  4 hounds (D:5)
  Terence (D:2)
  Jessica (D:2)
  Natasha (thrice) (D:3)
  4 iguanas
  4 gnolls (D:5)
  3 adders
  2 ufetubi
  3 worms
  4 dart slugs
  17 orcs
  8 ball pythons
  3 bats (D:2)
  6 endoplasms
  3 giant cockroaches
  5 goblins
  5 hobgoblins
  7 jackals (D:1)
  5 quokkas
  3 frilled lizards
  7 kobolds
  6 rats
128 creatures vanquished.

Notes
Turn   | Place    | Note
-------+----------+-------------------------------------------
     0 | D:1      | purpskrrrp the Naga Venom Mage began the quest for the Orb.
     0 | D:1      | Reached XP level 1. HP: 15/15 MP: 3/3
   200 | D:1      | Reached XP level 2. HP: 9/22 MP: 0/5
   854 | D:1      | Reached XP level 3. HP: 11/28 MP: 1/6
  1573 | D:2      | Noticed Terence
  1710 | D:2      | Reached skill level 5 in Poison Magic
  1796 | D:2      | Noticed Jessica
  1800 | D:2      | Killed Jessica
  1801 | D:2      | Reached skill level 1 in Staves
  1801 | D:2      | Reached XP level 4. HP: 36/36 MP: 4/7
  1850 | D:2      | Learned a level 4 spell: Olgreb's Toxic Radiance
  1864 | D:2      | Killed Terence
  1865 | D:2      | Reached skill level 1 in Evocations
  1945 | D:1      | Reached XP level 5. HP: 7/42 MP: 2/8
  2385 | D:2      | Found a runed translucent door.
  2386 | D:2      | Noticed Crazy Yiuf
  2451 | D:2      | Noticed Sigmund
  2460 | D:2      | Killed Sigmund
  2461 | D:2      | Reached skill level 5 in Stealth
  2461 | D:2      | Reached skill level 6 in Poison Magic
  2461 | D:2      | Reached XP level 6. HP: 43/49 MP: 2/10
  2615 | D:2      | Killed Crazy Yiuf
  3033 | D:3      | Found a faded altar of an unknown god.
  3079 | D:3      | Noticed Natasha
  3085 | D:3      | Killed Natasha
  3206 | D:3      | Noticed Natasha
  3224 | D:3      | Killed Natasha
  3508 | D:3      | Noticed Natasha
  3514 | D:3      | Killed Natasha
  3907 | D:4      | Reached XP level 7. HP: 27/55 MP: 7/11
  3913 | D:4      | Reached skill level 7 in Poison Magic
  4101 | D:4      | Learned a level 3 spell: Mephitic Cloud
  4474 | D:4      | Noticed Blork the orc
  4488 | D:4      | Killed Blork the orc
  5042 | D:4      | Reached XP level 8. HP: 62/62 MP: 7/13
  6147 | D:5      | Entered Level 5 of the Dungeon
  6147 | D:5      | Noticed Pikel
  6147 | D:5      | Found Ycur's Jewellery Shoppe.
  6155 | D:5      | Killed Pikel
  6156 | D:5      | Reached skill level 8 in Poison Magic
  6268 | D:5      | Found Ucoturch's Armour Shop.
  6527 | D:5      | Reached skill level 9 in Poison Magic
  6801 | D:5      | Found Fob Goerch's Armour Boutique.
  6885 | D:5      | Found Fofrebymag's Jewellery Emporium.
  6920 | D:5      | Found Podorez's Magic Scroll Boutique.
  6930 | D:5      | Noticed Menkaure
  6938 | D:5      | Killed Menkaure
  7092 | D:5      | Reached XP level 9. HP: 68/68 MP: 9/15
  7269 | D:5      | Noticed Grinder
  7291 | D:5      | Killed Grinder
  7293 | D:5      | HP: 1/68 [ice beast (10)]
  7302 | D:5      | Reached skill level 10 in Poison Magic
  7635 | D:5      | Noticed Edmund
  7647 | D:5      | Killed Edmund
  8286 | D:5      | Bought a ring of magical power for 220 gold pieces
  8743 | D:6      | Reached skill level 5 in Spellcasting
  8919 | D:6      | Reached skill level 5 in Evocations
  8981 | D:6      | Slain by a wight

Illustrated notes

Levels and vault maps discovered:
D:1:      dpeg_arrival_renting, layout_rooms
D:2:      layout_basic, chequers_decorated_corner, uniq_jessica,
          uniq_crazy_yiuf_cottage, uniq_terence, uniq_sigmund
D:3:      layout_loops_ring, hellmonk_ecumenical_altar_pennies_from_heaven,
          uniq_natasha
D:4:      layout_basic, uniq_blork_the_orc
D:5:      layout_layer_cave, serial_shops, nicolae_diamond_shop, shop,
          nicolae_diamond_shop, shop, shop_statue, uniq_edmund, uniq_pikel,
          uniq_menkaure, uniq_grinder
D:6:      minmay_inner_zag, layout_loops_cross, mainiacjoe_overflow_catwalk,
          ebering_ghost_inner_flame

Skill      XL: |  1  2  3  4  5  6  7  8  9 |
---------------+----------------------------+-----
Poison Magic   | 5 6 7 9 10 | 10.6
Staves         | 1 2 3 4 |  4.8
Stealth        | 4 5 |  5.3
Evocations     | 1 2 3 4 5 |  5.0
Spellcasting   | 3 4 5 |  5.1
Dodging        | 2 3 4 |  4.0
Transmutations | |  1.0

Action                   |  1- 3 |  4- 6 |  7- 9 || total
-------------------------+-------+-------+-------++-------
Melee: Unarmed           |     7 |       |       ||     7
       Staff             |    12 |    48 |    73 ||   133
       Punch             |     1 |       |     2 ||     3
       Quarterstaff      |       |       |     1 ||     1
Throw: Throwing net      |       |       |     1 ||     1
 Cast: Sting             |    40 |    38 |    85 ||   163
       Olgreb's Toxic Ra |       |     4 |    40 ||    44
       Mephitic Cloud    |       |       |     3 ||     3
 Abil: Spit Poison       |    28 |    23 |    24 ||    75
Evoke: Wand              |       |       |     5 ||     5
  Use: Scroll            |     2 |     9 |       ||    11
       Potion            |     1 |     1 |     2 ||     4
 Stab: Sleeping          |       |     2 |       ||     2
Armor: Robe              |     9 |    20 |    50 ||    79
Dodge: Dodged            |    31 |    50 |    71 ||   152

Table legend: (Time is in decaauts)
 A = Elapsed time spent in this place.
 B = Non-inter-level travel time spent in this place.
 C = Inter-level travel time spent in this place.
 D = Time resting spent in this place.
 E = Time spent auto-exploring this place.
 F = Levels seen in this place.
 G = Mean time per level.
                   A        B        C        D        E       F      G
               +--------+--------+--------+--------+--------+-----+--------+
         Total |  10711 |  10084 |    627 |   2468 |   6353 |   6 | 1785.2 |
       Dungeon |  10711 |  10084 |    627 |   2468 |   6353 |   6 | 1785.2 |
               +--------+--------+--------+--------+--------+-----+--------+

Top non-repeatable levels by time:
     D:4: 2693 daAuts
     D:5: 2687 daAuts
     D:1: 1723 daAuts
     D:2: 1580 daAuts
     D:3: 1338 daAuts
     D:6: 689 daAuts
